[Event "Titled Tuesday Blitz May 03 Early 2022"]
[White "Karavade, Eesha"]
[Black "Broca Jimenez, Fernando"]
[WhiteFideId "5012600"]
[BlackFideId "5104742"]
[WhiteElo "2258"]
[BlackElo "2062"]
[Result "1-0"]
[Round "08"]
[TimeControl "180+1"]
[Date "2022.05.03"]
[WhiteClock "0:00:44"]
[BlackClock "0:00:32"]

1. d4 g6 2. c4 c5 3. d5 Bg7 4. e4 e6 5. Nf3 exd5 6. exd5 d6 7. h3 Nf6 8. Bd3 O-O 9. O-O Re8 10. Nc3 Nbd7 11. Bf4 Nb6 12. Qc2 a6 13. Rae1 Qc7 14. Rxe8+ Nxe8 15. Re1 Bd7 16. Ng5 Nf6 17. Nge4 Re8 18. Bxd6 Qc8 19. Nxf6+ Bxf6 20. Rxe8+ Bxe8 21. Ne4 Bd4 22. Qe2 f5 23. Ng5 Bf7 24. Nxf7 Kxf7 25. Qe7+ Kg8 26. Be2 Nd7 27. Qe6+ Kg7 28. g4 fxg4 29. Bxg4 Bxb2 30. Qe7+ Kh6 31. Bf4+ g5 32. Bxd7 Qg8 33. Be6 Qg6 34. Bg3 Qb1+ 35. Kh2 Qxa2 36. Qf8+ Bg7 37. Qxc5 Qe2 38. Bg4 Be5 39. Bxe2 1-0


[Site "https://www.chess.com"]

[Event "Titled Tuesday Blitz May 03 Early 2022"]
[White "Kashtanov, Ruslan"]
[Black "Tatarinov, Dmitry"]
[WhiteFideId "4124871"]
[BlackFideId "24160067"]
[WhiteElo "2168"]
[BlackElo "2302"]
[Result "0-1"]
[Round "08"]
[TimeControl "180+1"]
[Date "2022.05.03"]
[WhiteClock "0:00:11"]
[BlackClock "0:01:54"]

1. d4 Nf6 2. g3 d5 3. Bg2 Nbd7 4. Nf3 Nb6 5. a4 a5 6. O-O Bf5 7. Bf4 h6 8. Nc3 c6 9. Ne5 e6 10. f3 Be7 11. e4 Bh7 12. Be3 O-O 13. Qe2 Nfd7 14. Nxd7 Qxd7 15. Rad1 Bb4 16. Bc1 Bxc3 17. bxc3 Nxa4 18. Qe3 Nb6 19. g4 Nc4 20. Qf2 a4 21. g5 hxg5 22. Bxg5 a3 23. Qg3 f6 24. Bf4 b5 25. h4 Rae8 26. Bh3 Qf7 27. Kh2 e5 28. Bc1 a2 29. Bh6 Kh8 30. Bd2 Ra8 31. Rg1 Nxd2 32. Rxd2 a1=Q 33. Rxa1 Rxa1 34. Be6 Qxe6 0-1


[Site "https://www.chess.com"]

[Event "Titled Tuesday Blitz May 03 Early 2022"]
[White "Kazakouski, Valery"]
[Black "Sokolovsky, Yahli"]
[WhiteFideId "13507443"]
[BlackFideId "2820242"]
[WhiteElo "2524"]
[BlackElo "1770"]
[Result "1-0"]
[Round "08"]
[TimeControl "180+1"]
[Date "2022.05.03"]
[WhiteClock "0:01:30"]
[BlackClock "0:00:02"]

1. d4 d6 2. e4 g6 3. Nc3 Bg7 4. g3 b6 5. Bg2 Bb7 6. Nge2 Nf6 7. O-O e6 8. Bg5 Qc8 9. h3 Nbd7 10. Qd2 O-O 11. Rad1 e5 12. Be3 exd4 13. Bxd4 Ne5 14. b3 Nc6 15. Be3 Re8 16. g4 Ne5 17. f4 Nc6 18. Ng3 Nd7 19. Nd5 Ne7 20. c4 Nc5 21. Bd4 Bxd5 22. cxd5 f6 23. Qb2 Nd7 24. g5 Rf8 25. h4 Qe8 26. Bh3 Nc5 27. gxf6 Bxf6 28. Bxf6 Qf7 29. Bd4 1-0


[Site "https://www.chess.com"]

[Event "Titled Tuesday Blitz May 03 Early 2022"]
[White "Korchmar, Vasiliy"]
[Black "Iljin, Timofey"]
[WhiteFideId "24131750"]
[BlackFideId "14110180"]
[WhiteElo "2370"]
[BlackElo "2396"]
[Result "1-0"]
[Round "08"]
[TimeControl "180+1"]
[Date "2022.05.03"]
[WhiteClock "0:00:54"]
[BlackClock "0:00:40"]

1. e4 c5 2. Nf3 Nc6 3. d4 cxd4 4. Nxd4 e5 5. Nb5 d6 6. c4 Be6 7. Bd3 a6 8. N5c3 g6 9. O-O Bg7 10. Nd5 Nf6 11. Nbc3 O-O 12. Be3 Nd7 13. Qd2 Nd4 14. f4 f5 15. fxe5 dxe5 16. Bg5 Nf6 17. exf5 gxf5 18. Rae1 Qd6 19. Kh1 Rae8 20. Rxe5 Nxd5 21. Rxd5 Bxd5 22. Nxd5 Kh8 23. b3 Ne6 24. Be3 Qe5 25. Bb1 Nd4 26. Bf4 Qe2 27. Qc1 Be5 28. Rg1 Rg8 29. Bxe5+ Qxe5 30. Qc3 Ne2 31. Qxe5+ Rxe5 32. Rf1 b5 33. Bxf5 Rf8 34. g4 bxc4 35. bxc4 Nd4 36. Kg2 Nxf5 37. gxf5 Rexf5 38. Rc1 Rf2+ 39. Kg3 Rd2 40. Nb6 Rb8 41. c5 Rxa2 42. c6 Rd2 43. c7 Rg8+ 44. Kf3 Rd3+ 45. Ke4 Rb3 46. c8=Q Rxc8 47. Rxc8+ Kg7 48. Rc7+ Kg6 49. Nd5 Rh3 50. Nf4+ Kg5 51. Nxh3+ Kg4 52. Nf2+ Kg5 53. Nd3 a5 54. Rc5+ Kg4 55. Rxa5 h5 56. Nf2+ Kh4 57. Nd3 Kg4 58. Ra2 h4 59. Kd4 Kh3 60. Kc4 Kg4 61. Kc3 Kh3 62. Nb4 Kg4 63. Nc6 Kh3 64. Nd8 Kg4 65. Nf7 Kh3 66. Nh8 Kg4 67. Ng6 h3 68. Kd3 Kf3 69. Nf8 Kg4 70. Nd7 Kf3 71. Nc5 Kf4 72. Nb3 Kf3 73. Na5 Kf4 74. Ke2 Ke4 75. Kf1 Kf3 76. Kg1 Ke3 77. Ra3+ Kf4 78. Rg3 Ke4 79. Nb3 Kf4 80. Nc1 Ke4 81. Nd3 Kf5 82. Nf2 Kf4 83. Nxh3+ Kf5 84. Nf2 Ke5 85. Kg2 Kf5 86. h3 Ke5 87. h4 Kf5 88. h5 Ke5 89. h6 Kf5 90. h7 Ke5 91. h8=Q+ Kf5 92. Qh4 Ke6 93. Rg4 Kd5 94. Kg3 Ke6 95. Nh3 Kf5 96. Ng1 Ke6 97. Ne2 Kf5 98. Nc1 Ke6 99. Nd3 Kf5 100. Kf3 Ke6 101. Rf4 Kd5 102. Qg4 Kd6 103. Re4 Kd5 104. Qf4 Kc6 105. Re5 Kd7 106. Qf5+ Kd6 107. Ke4 Kc6 108. Nf4 Kd6 109. Nh5 Kc6 110. Ng3 Kd6 111. Nh1 Kc6 112. Kd4 Kd6 113. Re4 Kc6 114. Rf4 Kd6 115. Rg4 Kc6 116. Rh4 Kd6 117. Rh5 Kc6 118. Rh6+ Kc7 119. Qg6 Kd7 120. Rh7+ Kd8 121. Qg8# 1-0


[Site "https://www.chess.com"]

[Event "Titled Tuesday Blitz May 03 Early 2022"]
[White "Kozak, Antoni"]
[Black "Baches Garcia, Guillermo"]
[WhiteFideId "21832030"]
[BlackFideId "2209764"]
[WhiteElo "2236"]
[BlackElo "2518"]
[Result "1-0"]
[Round "08"]
[TimeControl "180+1"]
[Date "2022.05.03"]
[WhiteClock "0:00:11"]
[BlackClock "0:00:07"]

1. e4 c5 2. Nf3 d6 3. c3 Nf6 4. Be2 Bd7 5. Qc2 Qc7 6. O-O g6 7. Re1 Bg7 8. Bf1 O-O 9. Na3 Bg4 10. d4 cxd4 11. cxd4 Qxc2 12. Nxc2 Rc8 13. Bd3 Nc6 14. Be3 d5 15. e5 Ne4 16. h3 Be6 17. Rec1 f6 18. exf6 exf6 19. Nd2 f5 20. Nb3 Rc7 21. f3 Nd6 22. Bf4 Rd8 23. Rd1 Bf7 24. Rac1 Bf8 25. Bf1 Rcc8 26. Nc5 b6 27. Nd3 Nc4 28. Kf2 Bd6 29. Bxd6 Nxd6 30. Ne5 Nxe5 31. dxe5 Nc4 32. Bxc4 dxc4 33. Nd4 Bd5 34. f4 Kf7 35. g4 Be4 36. Ke3 Ke7 37. Rg1 Rg8 38. gxf5 gxf5 39. Nf3 Bxf3 40. Kxf3 b5 41. Rcd1 Rcd8 42. Rxg8 Rxd1 43. Rg7+ Ke6 44. Rxh7 Rd2 45. Rh6+ Ke7 46. Rh7+ Ke6 47. Rxa7 Rxb2 48. Rc7 Rxa2 49. Rc5 Rb2 50. h4 Rb3+ 51. Kg2 c3 52. h5 b4 53. h6 Ra3 54. Rc4 Ra7 55. Rxb4 Rh7 56. Rc4 Kd5 57. Rxc3 Rxh6 58. Re3 Kd4 59. Re1 Kd5 60. Kf3 Rh3+ 61. Kg2 Rh4 62. Kg3 Rg4+ 63. Kf3 Rg6 64. Rd1+ Kc6 65. Rd8 Rg1 66. Rf8 Kd5 67. Rxf5 Rf1+ 68. Ke2 Ra1 69. Rf6 Ra2+ 70. Kf3 Kd4 71. Kg4 Ra3 72. Kf5 Ra7 73. Rd6+ Ke3 74. Rd8 Ra4 75. e6 Rxf4+ 76. Kg6 Re4 77. Kf7 Kf4 78. e7 1-0


[Site "https://www.chess.com"]

[Event "Titled Tuesday Blitz May 03 Early 2022"]
[White "Laohawirapap, Prin"]
[Black "Molina, Roberto Junio Brito"]
[WhiteFideId "6205003"]
[BlackFideId "2109450"]
[WhiteElo "1832"]
[BlackElo "2432"]
[Result "0-1"]
[Round "08"]
[TimeControl "180+1"]
[Date "2022.05.03"]
[WhiteClock "0:00:02"]
[BlackClock "0:00:18"]

1. e4 c6 2. d4 d5 3. e5 Bf5 4. Nd2 e6 5. Nb3 Nd7 6. Nf3 a6 7. Be2 c5 8. dxc5 Nxc5 9. Nbd4 Bg6 10. c3 Ne7 11. O-O Nc6 12. Nxc6 bxc6 13. Nd4 Qc7 14. f4 Be4 15. b4 Nd7 16. Qa4 c5 17. Nb5 Qb7 18. Nd6+ Bxd6 19. exd6 O-O 20. bxc5 Nxc5 21. Qd4 Nd7 22. Bf3 Nf6 23. Bxe4 Nxe4 24. f5 Nxd6 25. f6 Qa7 26. Ba3 Qxd4+ 27. cxd4 Rfd8 28. Bxd6 Rxd6 29. fxg7 Kxg7 30. Rab1 Ra7 31. Rb3 Rc6 32. Rg3+ Kf8 33. Rh3 Rc4 34. Rf4 Rc2 35. Rxh7 Rac7 36. h3 Rxa2 37. Rg4 Rac2 38. Rh8+ Ke7 39. Ra8 R2c6 40. h4 Rc8 41. Rg8 Rxa8 42. Rxa8 Kf6 43. g4 Rc4 0-1


[Site "https://www.chess.com"]

[Event "Titled Tuesday Blitz May 03 Early 2022"]
[White "Lashkin, Jegor"]
[Black "Mammadzada, Gunay"]
[WhiteFideId "13907808"]
[BlackFideId "13403729"]
[WhiteElo "2368"]
[BlackElo "2242"]
[Result "1-0"]
[Round "08"]
[TimeControl "180+1"]
[Date "2022.05.03"]
[WhiteClock "0:00:07"]
[BlackClock "0:00:02"]

1. Nf3 d5 2. b3 c5 3. e3 Nc6 4. Bb5 Bd7 5. Bb2 Nf6 6. O-O e6 7. d4 cxd4 8. exd4 Bd6 9. Nbd2 O-O 10. Re1 Ne7 11. Bd3 Ng6 12. Ne5 Qc7 13. Rc1 Rac8 14. g3 Qa5 15. a3 Bb5 16. c4 dxc4 17. bxc4 Ba4 18. Qe2 Bxe5 19. dxe5 Nd7 20. Nf3 Bc6 21. Ng5 Rfd8 22. h4 Ndf8 23. h5 Ne7 24. h6 g6 25. Be4 Rd2 26. Qf3 Nf5 27. Bc3 Qd8 28. Bxd2 Qxd2 29. Bxc6 Qxg5 30. Bxb7 Rc5 31. Qf4 Qh5 32. Bf3 Qxh6 33. Qxh6 Nxh6 34. Bg2 Nf5 35. g4 Nd4 36. f4 Nd7 37. Kf2 Nb6 38. Bf1 Nb3 39. Rc3 Na5 40. Rd1 Nc6 41. Rd6 Kf8 42. Ke3 Na5 43. Rd4 Ke7 44. Be2 g5 45. Rd1 Nc6 46. Rh1 gxf4+ 47. Kxf4 Rxe5 48. Bf3 Rc5 49. Rxh7 Ne5 50. Be2 Ng6+ 51. Ke3 Nd5+ 52. Kd4 Nxc3 53. Kxc5 Nxe2 54. Kc6 Nd4+ 55. Kb7 Ne5 56. c5 Kd7 57. g5 1-0


[Site "https://www.chess.com"]

[Event "Titled Tuesday Blitz May 03 Early 2022"]
[White "Lazavik, Denis"]
[Black "Babazada, Khazar"]
[WhiteFideId "13515110"]
[BlackFideId "13413554"]
[WhiteElo "2437"]
[BlackElo "2406"]
[Result "1-0"]
[Round "08"]
[TimeControl "180+1"]
[Date "2022.05.03"]
[WhiteClock "0:00:41"]
[BlackClock "0:00:15"]

1. d4 Nf6 2. c4 e6 3. Nf3 d5 4. g3 Bb4+ 5. Bd2 a5 6. Bg2 dxc4 7. Qc2 Bxd2+ 8. Qxd2 O-O 9. Na3 b6 10. Ne5 Nd5 11. Naxc4 Bb7 12. O-O f6 13. Nd3 Nc6 14. e3 Qe7 15. Rac1 Rad8 16. a3 Qf7 17. Qc2 h5 18. h4 g6 19. Rfd1 Rd7 20. Qb3 Ba8 21. Nd2 Rfd8 22. Ne4 Kg7 23. Nc3 Nce7 24. e4 Nxc3 25. bxc3 e5 26. d5 Nc8 27. c4 c5 28. f4 Re7 29. fxe5 fxe5 30. Rf1 Qe8 31. Bh3 Nd6 32. Rce1 b5 33. Nxc5 bxc4 34. Qc3 Kh7 35. Ne6 Qh8 36. Nxd8 Qxd8 37. Be6 Bb7 38. Qxe5 1-0


[Site "https://www.chess.com"]

[Event "Titled Tuesday Blitz May 03 Early 2022"]
[White "Le Ruyet, Leopold"]
[Black "Karolczuk, Iwo"]
[WhiteFideId "645923"]
[BlackFideId "21816972"]
[WhiteElo "2276"]
[BlackElo "2277"]
[Result "1-0"]
[Round "08"]
[TimeControl "180+1"]
[Date "2022.05.03"]
[WhiteClock "0:00:26"]
[BlackClock "0:00:28"]

1. c4 Nf6 2. Nc3 g6 3. e4 d6 4. g3 Bg7 5. Bg2 O-O 6. Nge2 e5 7. O-O Na6 8. d3 Nc5 9. b4 Ne6 10. f4 exf4 11. gxf4 Nh5 12. d4 c5 13. bxc5 dxc5 14. d5 Nd4 15. e5 Bg4 16. Qd3 f6 17. Nxd4 cxd4 18. Qxd4 fxe5 19. fxe5 Rxf1+ 20. Bxf1 Bf5 21. Bd2 Qe7 22. Re1 Re8 23. d6 Qe6 24. c5 Bxe5 25. Qc4 Qxc4 26. Bxc4+ Kf8 27. Nb5 Nf6 28. Bh6# 1-0


[Site "https://www.chess.com"]

[Event "Titled Tuesday Blitz May 03 Early 2022"]
[White "Le, Tuan Minh"]
[Black "Bluebaum, Matthias"]
[WhiteFideId "12401153"]
[BlackFideId "24651516"]
[WhiteElo "2450"]
[BlackElo "2550"]
[Result "0-1"]
[Round "08"]
[TimeControl "180+1"]
[Date "2022.05.03"]
[WhiteClock "0:00:02"]
[BlackClock "0:00:25"]

1. d4 d5 2. Nf3 Nf6 3. c4 e6 4. Nc3 Bb4 5. Bg5 h6 6. Bxf6 Qxf6 7. Qb3 c5 8. e3 O-O 9. cxd5 exd5 10. a3 Bxc3+ 11. Qxc3 Nd7 12. Be2 b6 13. O-O-O Bb7 14. Kb1 Rac8 15. Ka1 Qe7 16. Rc1 Nf6 17. Bd3 Rc7 18. dxc5 bxc5 19. Rhd1 Rb8 20. Qe5 Qd8 21. g4 Nxg4 22. Qg3 Bc8 23. h3 Qf6 24. Rd2 Rcb7 25. Rxc5 Rxb2 26. Rxc8+ Rxc8 27. Rxb2 Qc3 28. Ka2 Nxe3 29. fxe3 Qxd3 30. Qe5 Rc3 31. Qe8+ Kh7 32. Qa4 Qxe3 33. Nd2 f5 34. Nb1 Rd3 0-1


[Site "https://www.chess.com"]

[Event "Titled Tuesday Blitz May 03 Early 2022"]
[White "Legenia, Artem"]
[Black "Mohammadian, Mohammad"]
[WhiteFideId "14136945"]
[BlackFideId "12566055"]
[WhiteElo "1936"]
[BlackElo "1544"]
[Result "1-0"]
[Round "08"]
[TimeControl "180+1"]
[Date "2022.05.03"]
[WhiteClock "0:01:53"]
[BlackClock "0:00:51"]

1. d4 Nf6 2. Nf3 g6 3. Bf4 Bg7 4. h3 O-O 5. e3 d5 6. Bd3 c6 7. c3 Nbd7 8. O-O Qb6 9. Qb3 Qxb3 10. axb3 Re8 11. Nbd2 Nh5 12. Bh2 e5 13. dxe5 Nxe5 14. Nxe5 Bxe5 15. b4 Bxh2+ 16. Kxh2 Nf6 17. b5 c5 18. c4 Be6 19. cxd5 Bxd5 20. Bc4 b6 21. Ra4 Bb7 22. Rfa1 Ne4 23. Nxe4 Bxe4 24. Rxa7 Rxa7 25. Rxa7 Rf8 26. Re7 Bf5 27. e4 Be6 28. Bxe6 fxe6 29. f3 Rf6 30. Kg3 e5 31. Rxe5 Kf7 32. Kf2 Rd6 33. Rd5 Rxd5 34. exd5 Kf6 35. f4 Ke7 36. Ke3 Kd6 37. Ke4 h6 38. b3 h5 39. h4 Kc7 40. Ke5 Kd7 41. d6 Kd8 42. Kd5 Kd7 43. g3 Ke8 44. Ke6 Kd8 45. d7 Kc7 46. Ke7 c4 47. bxc4 1-0


[Site "https://www.chess.com"]

[Event "Titled Tuesday Blitz May 03 Early 2022"]
[White "Leiva, Gianmarco"]
[Black "Cunha, Lucas Aguiar"]
[WhiteFideId "3804399"]
[BlackFideId "2125404"]
[WhiteElo "2323"]
[BlackElo "2361"]
[Result "1/2-1/2"]
[Round "08"]
[TimeControl "180+1"]
[Date "2022.05.03"]
[WhiteClock "0:00:06"]
[BlackClock "0:00:33"]

1. Nf3 d5 2. g3 Nf6 3. Bg2 c5 4. d4 Nc6 5. c4 dxc4 6. Qa4 cxd4 7. Nxd4 Qxd4 8. Bxc6+ Bd7 9. Bxd7+ Qxd7 10. Qxd7+ Nxd7 11. Be3 a6 12. a4 f6 13. O-O Rb8 14. a5 e5 15. Rc1 Rc8 16. Ra4 Bd6 17. Raxc4 Rxc4 18. Rxc4 Ke7 19. Nc3 f5 20. f3 Ke6 21. b4 Nb8 22. b5 axb5 23. Nxb5 Nc6 24. a6 bxa6 25. Nc7+ Kd7 26. Nxa6 Ra8 27. Nc5+ Bxc5 28. Rxc5 Kd6 29. Rc2 Kd5 30. Rd2+ Ke6 31. Rc2 Nb4 32. Rb2 Nd5 33. Bf2 Ra1+ 34. Kg2 f4 35. Rc2 Ra6 36. Rc8 Ra2 37. Kf1 Ra1+ 38. Kg2 Ra2 39. Kf1 Ra1+ 40. Kg2 Ra2 1/2-1/2


[Site "https://www.chess.com"]

[Event "Titled Tuesday Blitz May 03 Early 2022"]
[White "Liyanage, Ranindu Dilshan"]
[Black "Rodchenkov, Sergey D."]
[WhiteFideId "9915834"]
[BlackFideId "4168712"]
[WhiteElo "1858"]
[BlackElo "2306"]
[Result "1-0"]
[Round "08"]
[TimeControl "180+1"]
[Date "2022.05.03"]
[WhiteClock "0:02:07"]
[BlackClock "0:00:58"]

1. e4 c5 2. Nf3 d6 3. d4 cxd4 4. Nxd4 Nf6 5. Nc3 a6 6. h3 e5 7. Nb3 Be6 8. f4 exf4 9. Bxf4 Nc6 10. Qf3 Ne5 11. Qf2 Be7 12. O-O-O Qc7 13. g4 O-O 14. Bg2 Rfc8 15. Kb1 b5 16. Nd4 Rab8 17. Nd5 Bxd5 18. exd5 Nfd7 19. Rhe1 Bf8 20. Nc6 Nxc6 21. dxc6 Ne5 22. Bxe5 dxe5 23. Rd7 Qa5 24. Qxf7+ Kh8 25. Rf1 b4 26. Bd5 Be7 27. Rxe7 Rg8 28. c7 Rbf8 29. Qxf8 Qxc7 30. Qxg8# 1-0


[Site "https://www.chess.com"]

[Event "Titled Tuesday Blitz May 03 Early 2022"]
[White "Lohani, Sujana"]
[Black "Ovezdurdyyeva, Jemal"]
[WhiteFideId "12311987"]
[BlackFideId "14001888"]
[WhiteElo "1691"]
[BlackElo "1946"]
[Result "0-1"]
[Round "08"]
[TimeControl "180+1"]
[Date "2022.05.03"]
[WhiteClock "0:00:01"]
[BlackClock "0:01:08"]

1. e4 d6 2. d4 Nf6 3. Nc3 g6 4. h4 c6 5. h5 Nxh5 6. Rxh5 gxh5 7. Qxh5 Nd7 8. Bc4 e6 9. Bxe6 Qe7 10. Bb3 Nf6 11. Qf3 Bg4 12. Qd3 O-O-O 13. f3 Be6 14. d5 cxd5 15. Nxd5 Nxd5 16. Bxd5 Bxd5 17. Qxd5 Qe5 18. Qxf7 Qg3+ 19. Kf1 Rg8 20. Qc4+ Kb8 21. Qe2 d5 22. Nh3 Bd6 23. exd5 Rde8 24. Qf2 Qh2 25. c4 Ka8 26. Be3 Rxe3 27. Qxe3 Qxg2+ 28. Ke1 Qxh3 29. Kd2 Qg2+ 30. Kc3 Rf8 31. f4 Bxf4 32. Qe7 Qd2+ 33. Kb3 Qd3+ 34. Kb4 Bd2+ 35. Kb5 a6+ 36. Kb6 Be3+ 37. c5 Qb5+ 38. Kc7 Bf4+ 39. d6 Qc6# 0-1


[Site "https://www.chess.com"]

[Event "Titled Tuesday Blitz May 03 Early 2022"]
[White "Lopez, Henry"]
[Black "Kanyamarala, Tarun"]
[WhiteFideId "5203830"]
[BlackFideId "45004714"]
[WhiteElo "2177"]
[BlackElo "2177"]
[Result "1-0"]
[Round "08"]
[TimeControl "180+1"]
[Date "2022.05.03"]
[WhiteClock "0:01:27"]
[BlackClock "0:01:49"]

1. d4 d5 2. Nf3 Nc6 3. c4 Bg4 4. Nc3 Nf6 5. cxd5 Nxd5 6. e4 Nxc3 7. bxc3 e5 8. d5 Bxf3 9. Qxf3 Ne7 10. Bc4 Ng6 11. g3 Bd6 12. h4 O-O 13. h5 Ne7 14. h6 f5 15. hxg7 Rf7 16. Qh5 Rxg7 17. exf5 Qf8 18. Bh6 Qxf5 19. Qxf5 Nxf5 20. Bxg7 Kxg7 21. Ke2 h6 22. Bd3 e4 23. Bxe4 Re8 24. Kf3 Ne7 25. Rae1 Nc8 26. Kg2 Nb6 27. Bf3 Rf8 28. Re6 Rh8 29. Be4 Na4 30. c4 Nc5 31. Rg6+ Kf7 32. Bc2 Be5 33. Rhxh6 1-0


[Site "https://www.chess.com"]

[Event "Titled Tuesday Blitz May 03 Early 2022"]
[White "Lucas, Arthur"]
[Black "Piliczewski, Bogusz"]
[WhiteFideId "26093073"]
[BlackFideId "1104144"]
[WhiteElo "2129"]
[BlackElo "1896"]
[Result "1-0"]
[Round "08"]
[TimeControl "180+1"]
[Date "2022.05.03"]
[WhiteClock "0:01:35"]
[BlackClock "0:01:07"]

1. d4 d5 2. Bf4 Nf6 3. e3 Bf5 4. c4 e6 5. Nc3 c6 6. Qb3 Qb6 7. c5 Qxb3 8. axb3 Nbd7 9. b4 a6 10. Nf3 Be7 11. b5 cxb5 12. Nxb5 Rc8 13. Nd6+ Bxd6 14. Bxd6 Ne4 15. Bf4 O-O 16. b4 f6 17. h3 g5 18. Bh2 h5 19. Nd2 Nxd2 20. Kxd2 e5 21. b5 exd4 22. exd4 axb5 23. Bxb5 Nb8 24. Bd6 Rf7 25. Ra8 Nc6 26. Rxc8+ Bxc8 27. Kc3 Bd7 28. Ra1 Ne5 29. Ra8+ Kg7 30. dxe5 Bxb5 31. e6 1-0


[Site "https://www.chess.com"]

[Event "Titled Tuesday Blitz May 03 Early 2022"]
[White "Manukian, Artak"]
[Black "Lauridsen, Jesper Morch"]
[WhiteFideId "13301373"]
[BlackFideId "1401890"]
[WhiteElo "2368"]
[BlackElo "2243"]
[Result "0-1"]
[Round "08"]
[TimeControl "180+1"]
[Date "2022.05.03"]
[WhiteClock "0:00:02"]
[BlackClock "0:01:31"]

1. e4 c6 2. d4 g6 3. c4 Bg7 4. Nc3 d6 5. Bg5 Nd7 6. Qd2 h6 7. Be3 e5 8. d5 cxd5 9. cxd5 f5 10. f3 Ngf6 11. Bd3 fxe4 12. Bxe4 Nxe4 13. fxe4 O-O 14. Nf3 g5 15. O-O Nf6 16. h3 b5 17. a3 a5 18. Nh2 Rb8 19. b4 a4 20. Rf2 Nh5 21. Rxf8+ Qxf8 22. Rf1 Qe7 23. Qe2 Nf4 24. Bxf4 exf4 25. Nxb5 Ba6 26. Rc1 Bxb5 27. Qg4 Bd7 28. Qh5 Qxe4 29. Rc7 Qe3+ 30. Kf1 Bb5+ 0-1


[Site "https://www.chess.com"]

[Event "Titled Tuesday Blitz May 03 Early 2022"]
[White "Martin Carmona, Gaston Manuel"]
[Black "Subaste, Arman"]
[WhiteFideId "22284567"]
[BlackFideId "5221080"]
[WhiteElo "2146"]
[BlackElo "1856"]
[Result "0-1"]
[Round "08"]
[TimeControl "180+1"]
[Date "2022.05.03"]
[WhiteClock "0:01:34"]
[BlackClock "0:00:44"]

1. d4 Nf6 2. c4 g6 3. Nc3 Bg7 4. e4 d6 5. Nf3 O-O 6. Be2 e5 7. dxe5 dxe5 8. Qxd8 Rxd8 9. Bg5 Re8 10. Nd5 Nxd5 11. cxd5 c6 12. Bc4 cxd5 13. Bxd5 Nc6 14. h3 Nb4 15. O-O-O Nxd5 16. Rxd5 Be6 17. Rb5 b6 18. Kb1 f6 19. Be3 Bc4 20. Rb4 Bd3+ 21. Ka1 Bf8 22. Rb3 Bxe4 23. Re1 Rac8 24. Rc3 Rxc3 25. bxc3 Ba3 26. Bc1 Bxf3 27. Bxa3 Bxg2 28. h4 Rd8 29. Be7 Rd2 30. Bxf6 e4 31. Bd4 Kf7 32. Rg1 Bf3 33. Rg5 Rd1+ 34. Kb2 Rh1 35. Rd5 e3 36. Rd7+ Ke6 37. Rd8 e2 38. Re8+ Kd5 39. Re5+ Kd6 0-1


[Site "https://www.chess.com"]

[Event "Titled Tuesday Blitz May 03 Early 2022"]
[White "Martinez Alcantara, Jose Eduardo"]
[Black "Krstulovic, Alex"]
[WhiteFideId "3805662"]
[BlackFideId "760056"]
[WhiteElo "2690"]
[BlackElo "2193"]
[Result "1-0"]
[Round "08"]
[TimeControl "180+1"]
[Date "2022.05.03"]
[WhiteClock "0:02:02"]
[BlackClock "0:00:24"]

1. e4 c5 2. Nf3 e6 3. c3 Nf6 4. Bd3 d5 5. e5 Nfd7 6. Bb5 Nc6 7. Bxc6 bxc6 8. O-O Ba6 9. d3 Qc7 10. Re1 Be7 11. Bf4 O-O 12. Qd2 Qa5 13. b3 Rae8 14. c4 Qb6 15. Nc3 f6 16. Rac1 Qd8 17. Rcd1 g5 18. exf6 gxf4 19. fxe7 Rxe7 20. d4 cxd4 21. Nxd4 Qe8 22. Nxc6 Rg7 23. f3 dxc4 24. b4 Bb7 25. Qd6 Nf6 26. Qxe6+ Qxe6 27. Rxe6 Kf7 28. Re7+ Kg8 29. Rxg7+ Kxg7 30. Nxa7 Ra8 31. Nab5 Re8 32. Nd6 Re7 33. Nf5+ 1-0


[Site "https://www.chess.com"]

[Event "Titled Tuesday Blitz May 03 Early 2022"]
[White "Melikyan, Gnel"]
[Black "Andreev, Eduard"]
[WhiteFideId "54109990"]
[BlackFideId "14103400"]
[WhiteElo "1772"]
[BlackElo "2382"]
[Result "1-0"]
[Round "08"]
[TimeControl "180+1"]
[Date "2022.05.03"]
[WhiteClock "0:00:15"]
[BlackClock "0:00:02"]

1. d4 Nf6 2. Bf4 c5 3. c3 Qb6 4. Qb3 cxd4 5. Qxb6 axb6 6. cxd4 Nc6 7. e3 Nd5 8. Bg3 Ndb4 9. Na3 Rxa3 10. bxa3 Nc2+ 11. Kd2 Nxa1 12. Nf3 e6 13. Bb5 Bxa3 14. Rxa1 Bb4+ 15. Kd3 Ke7 16. Bc7 Ba5 17. Ne5 d6 18. Nc4 Bd7 19. Bxd6+ Kf6 20. Rb1 Ra8 21. a4 Kg6 22. Bxc6 Bxc6 23. Ne5+ Kf6 24. Nxc6 bxc6 25. Kc4 Kg6 26. h4 h5 27. f3 f6 28. g4 Rh8 29. g5 fxg5 30. Rg1 Kf7 31. Rxg5 g6 32. Rg2 Rd8 33. Be5 Be1 34. Rb2 Ra8 35. Rxb6 Rxa4+ 36. Kd3 Ra7 37. Rxc6 Bxh4 38. Rc8 Bf6 39. Bd6 Rd7 40. Rf8+ Kg7 41. Bc5 h4 42. Ra8 Rb7 43. Kc2 g5 44. Ra1 Kg6 45. Rh1 Rh7 46. Bd6 Kh5 47. Kd3 g4 48. fxg4+ Kxg4 49. Ke4 h3 50. Rg1+ Kh5 51. d5 exd5+ 52. Kf5 Rg7 53. Rh1 Bh4 54. Rxh3 Rg5+ 55. Ke6 Rg6+ 56. Kxd5 Kg4 57. Rh1 1-0


[Site "https://www.chess.com"]

[Event "Titled Tuesday Blitz May 03 Early 2022"]
[White "Mirzoev, Azer"]
[Black "Zhao, Jun"]
[WhiteFideId "13400304"]
[BlackFideId "8602522"]
[WhiteElo "2525"]
[BlackElo "2547"]
[Result "1/2-1/2"]
[Round "08"]
[TimeControl "180+1"]
[Date "2022.05.03"]
[WhiteClock "0:00:03"]
[BlackClock "0:00:02"]

1. d4 Nf6 2. Nf3 d5 3. Bf4 e6 4. e3 Bd6 5. Bg3 O-O 6. Nbd2 b6 7. c4 Bb7 8. cxd5 exd5 9. Bd3 c5 10. O-O Nc6 11. Ne5 cxd4 12. Nxc6 Bxc6 13. exd4 Bxg3 14. hxg3 Qd6 15. Re1 Rfe8 16. a3 Rxe1+ 17. Qxe1 Re8 18. Qd1 Ne4 19. Nf3 f6 20. Rc1 Bd7 21. Qc2 Rc8 22. Qb1 Rxc1+ 23. Qxc1 Qc6 24. Qxc6 Bxc6 25. Kf1 Nd6 26. Nd2 Kf7 27. Ke2 g6 28. Ke3 Ke6 29. g4 Bb5 30. f3 Bxd3 31. Kxd3 f5 32. gxf5+ Kxf5 33. Ke3 h5 34. b3 g5 35. a4 h4 36. Nb1 Ke6 37. Nc3 Nf5+ 38. Kd3 a6 39. Na2 Ne7 40. Nb4 a5 41. Nc2 Kf5 42. Ke3 Ng6 43. Kf2 Nf4 44. Ne3+ Ke6 45. Nc2 Nd3+ 46. Ke3 Nf4 47. Kf2 Nd3+ 48. Ke3 Nc1 49. b4 Na2 50. bxa5 bxa5 51. Kd3 Kd6 52. Ne3 Nb4+ 53. Kc3 Ke6 54. Kd2 Nc6 55. Kd3 Ne7 56. Nf1 Nc8 57. Nd2 Kf5 58. Nb3 Kf4 59. Ke2 Kg3 60. Kf1 Nb6 61. Nxa5 Nxa4 62. Nc6 Nc3 63. Ne7 Kf4 64. Kf2 Nd1+ 65. Ke2 Nc3+ 66. Kf2 Nd1+ 67. Ke2 Nc3+ 68. Kf2 1/2-1/2


[Site "https://www.chess.com"]

[Event "Titled Tuesday Blitz May 03 Early 2022"]
[White "Miszler, Levente"]
[Black "Horcajuelo Rocamora, Martin"]
[WhiteFideId "763276"]
[BlackFideId "24573027"]
[WhiteElo "1966"]
[BlackElo "1822"]
[Result "1/2-1/2"]
[Round "08"]
[TimeControl "180+1"]
[Date "2022.05.03"]
[WhiteClock "0:00:29"]
[BlackClock "0:00:07"]

1. c4 Nf6 2. Nc3 c5 3. g3 d5 4. cxd5 Nxd5 5. Bg2 Nc7 6. Nf3 Nc6 7. O-O e5 8. d3 Be7 9. b3 O-O 10. Bb2 Bd7 11. Rc1 f6 12. Nd2 Rc8 13. Nc4 b6 14. e4 Be6 15. Ne3 Nb4 16. Ned5 Nbxd5 17. Nxd5 Nxd5 18. exd5 Bxd5 19. Bxd5+ Qxd5 20. Qc2 Rfd8 21. Rfd1 Rd7 22. a4 Rcd8 23. a5 b5 24. Qe2 a6 25. Qc2 Kh8 26. Ba3 Rc8 27. b4 Rdc7 28. bxc5 Bxc5 29. Bxc5 Rxc5 30. Qd2 h6 31. Rxc5 Qxc5 32. Qe3 Qxe3 33. fxe3 b4 34. Rb1 Rb8 35. Kf2 Kg8 36. d4 Rb5 37. Kf3 Kf7 38. Ke4 Ke6 39. Kd3 exd4 40. Kxd4 Kd6 41. Rb3 h5 42. e4 g5 43. h3 Rxa5 44. Rxb4 Ra3 45. Rb6+ Ke7 46. g4 Rxh3 47. gxh5 Rxh5 48. Rxa6 Rh1 49. Ra7+ Ke6 50. Ra6+ Kf7 51. Ra7+ Kg6 52. Ra8 Rd1+ 53. Ke3 Re1+ 54. Kf3 Rf1+ 55. Kg3 Rf4 56. Ra4 Kh5 57. Rb4 f5 58. Rb5 fxe4 59. Re5 Rg4+ 60. Kh3 Rf4 61. Kg3 Kg6 62. Ra5 Rf6 63. Re5 Rf4 64. Ra5 Kf6 65. Rb5 Rf3+ 66. Kg4 Rf4+ 67. Kg3 Ke6 68. Rxg5 Rf8 69. Ra5 e3 70. Ra3 Kd5 71. Rxe3 Kd4 72. Rf3 Rg8+ 73. Kf2 Ke4 74. Rg3 Ra8 75. Rg4+ Kf5 76. Rb4 Ra2+ 77. Kf3 Ra3+ 1/2-1/2


[Site "https://www.chess.com"]